 Dungeon Crawl Stone Soup version 0.31-a0-161-gb58dd9be76 (webtiles) character file.

Game seed: 6500508604481077475

109706 qw the Severer (level 16, -11/106 HPs)
             Began as a Gargoyle Fighter on June 12, 2023.
             Was an Elder of Okawaru.
             Mangled by Mlioglotl (13 damage)
             ... on level 2 of the Snake Pit.
             The game lasted 00:13:35 (26044 turns).

qw the Severer (Gargoyle Fighter)                  Turns: 26044, Time: 00:13:35

Health: -11/106    AC: 44    Str: 32    XL:     16   Next: 53%
Magic:  23/23      EV: 15    Int: 14    God:    Okawaru [****..]
Gold:   2213       SH:  8    Dex:  9    Spells: 15/15 levels left

rFire   + . .        Y - +7 broad axe (freeze)
rCold   + . .        b - +1 buckler {reflect}
rNeg    + . .        C - +2 plate armour {rF+}
rPois   inf          r - +2 helmet {Int+3}
rElec   +            D - +1 cloak of Starlight {*Dazzle EV+4 Stlth--}
rCorr   .            g - +0 pair of gloves of Tender Moments {Str+6}
SInv    .            (no boots)
Will    +....        l - amulet of faith Stlth
                     e - ring of protection from cold
HPRegen 0.37/turn    s - +4 ring of protection
MPRegen 0.18/turn

%: reflection, faith
@: about to teleport, heroic, flying
A: sickness immunity, AC +12, big wings, negative energy resistance 1,
electricity resistance, torment resistance 1, petrification resistance, subdued
magic 1, MP-powered wands
a: Renounce Religion, Heroism, Finesse


You were on level 2 of the Snake Pit.
You worshipped Okawaru.
Okawaru was greatly pleased with you.
You visited 5 branches of the dungeon, and saw 25 of its levels.
You also visited: Sewer.

You collected 3238 gold pieces.
You spent 1025 gold pieces at shops.


Innate Abilities, Weirdness & Mutations

You are immune to sickness and miasma.
Your stone body is resilient. (AC +12)
You are immune to poison.
Your large and strong wings let you fly.
You resist negative energy. (rN+)
You are resistant to electric shocks. (rElec)
You are resistant to unholy torment.
You are immune to petrification.
Your spells are a little easier to cast, but a little less powerful.
You expend magic power (3 MP) to strengthen your wands.


   Skills:
 - Level 14.0(19.0) Fighting
 - Level 18.0(23.0) Axes
 - Level 7.0(12.0) Throwing
 + Level 12.1(17.1) Armour
 - Level 4.0(9.0) Dodging
 - Level 9.0(14.0) Shields
 - Level 10.0 Invocations


You had 15 spell levels left.
You didn't know any spells.
Your spell library was empty.

Inventory:

Hand Weapons
 B - a +0 morningstar
 Y - a +7 broad axe of freezing (weapon)
Missiles
 m - 2 silver boomerangs
 p - 5 boomerangs
 x - 6 javelins (quivered)
Armour
 b - a +1 buckler of reflection (worn)
 g - the +0 pair of gloves of Tender Moments (worn) {Str+6}
   (You found it on level 9 of the Dungeon)

   Str:       It affects your strength (+6).
 h - the +1 acid dragon scales "Odwei" {rElec rF+++ rCorr Int-3 SInv}
   (Okawaru gifted it to you on level 4 of the Lair of Beasts)

   Int:       It affects your intelligence (-3).
   rF:        It renders you almost immune to fire.
   rElec:     It insulates you from electricity.
   SInv:      It lets you see invisible.
   rCorr:     It protects you from acid and corrosion.
 r - a +2 helmet of intelligence (worn)
 C - a +2 plate armour of fire resistance (worn)
 D - the +1 cloak of Starlight (worn) {*Dazzle EV+4 Stlth--}
   (You bought it in a shop on level 2 of the Orcish Mines)

   *Dazzle:   It may blind those who miss an attack against the wearer in melee
   combat.
   EV:        It affects your evasion (+4).
   Stlth:     It makes you much less stealthy.
Jewellery
 e - a ring of protection from cold (left hand)
 l - an amulet of faith (around neck)
 o - a ring of willpower
 s - a +4 ring of protection (right hand)
 w - a ring of ice
 y - an amulet of reflection
Scrolls
 a - a scroll of identify
 q - 5 scrolls of teleportation
Potions
 d - 2 potions of might
 f - a potion of haste
 i - a potion of lignification
 j - 2 potions of resistance
 k - 5 potions of curing
 n - 2 potions of heal wounds
 t - 2 potions of magic
 u - a potion of mutation
 v - a potion of attraction
 A - a potion of cancellation

Dungeon Overview and Level Annotations

Branches:
Dungeon (15/15)            Temple (1/1) D:5            Lair (5/5) D:9
 Shoals (0/4) Lair:2        Snake (2/4) Lair:2        Slime (0/5) Lair:4
    Orc (2/2) D:9             Elf (0/3) Orc:2        Vaults (0/5) D:14
 Depths (0/4) D:15          Sewer (visited)

Altars:
Ashenzari
Cheibriados
Dithmenos
Elyvilon
Fedhas
Gozag
Hepliaklqana
Kikubaaqudgha
Makhleb
Nemelex Xobeh
Okawaru
Qazlal
Ru
Sif Muna
Trog
Uskayaw
Vehumet
Wu Jian
Xom
Yredelemnul
Zin
The Shining One

Shops:
D:13 *   Orc:2 *[?[[   Snake:1 :

Annotations:
D:12 2 runed translucent doors, Yklotitu's ghost, journeyman CeHu
Lair:1 3 runed translucent doors, qw's ghost, journeyman NaHu
Lair:2 1 runed translucent door, qw's ghost, journeyman GrHu
Snake:2 Mlioglotl


Message History

You kill the quasit!
The quasit disappears in a puff of smoke!
You slice the iron imp!!
You kill the iron imp!
The iron imp disappears in a puff of smoke!
Mlioglotl hits you! Mlioglotl closely misses you.
You barely miss Mlioglotl.
Mlioglotl is heavily wounded.
You hit the iron dragon zombie. Mlioglotl hits you but does no damage.
You block Mlioglotl's attack.
You slice Mlioglotl!! You freeze Mlioglotl.
Mlioglotl is severely wounded.
You slash the large abomination! You freeze the large abomination.
You hit the iron dragon zombie. You block Mlioglotl's attack.
Mlioglotl misses you.
You block the large abomination's attack.
Mlioglotl misses you.
Mlioglotl tramples you but does no damage.
You block the iron dragon zombie's attack.
The iron dragon zombie claws you but does no damage.
The iron dragon zombie tramples you but does no damage.
You barely miss Mlioglotl.
Mlioglotl is severely wounded.
You barely miss the small abomination. You slice the large abomination!!
You freeze the large abomination. You hit the iron dragon zombie.
Mlioglotl hits you! Mlioglotl misses you.
You block the small abomination's attack.
You hit the large abomination but do no damage.
The large abomination is almost destroyed.
You slice the iron dragon zombie!! You freeze the iron dragon zombie.
You slice Mlioglotl!! You freeze Mlioglotl.
You barely miss the small abomination. The large abomination hits you!!
Mlioglotl hits you! Mlioglotl tramples you!
You hold your ground!
26044 ||| READING 6 scrolls of teleportation.
As you read the scroll of teleportation, it crumbles to dust.
You feel strangely unstable.
The small abomination completely misses you.
Mlioglotl hits you!
You die...

...#..#...........>.....
...##.#........#####..##
....#.<......##.###.....
.........#.>#......###..
.........#.##.#.........
..........#.#.#.........
..........#.#.#.#......#
......X..#....#####....#
..#....@####### #.....
#...ZXx# #.....
#...#...x.. ....## ##.
##....... # ##.>......
#......#. ......#..
.).......


You could see Mlioglotl (strong), a large abomination (summoned), 2 small
abominations and an iron dragon zombie (summoned).

Vanquished Creatures
  Kirke (Lair:3)
  Nessos (D:14)
  3 dire elephants (Lair:5)
  A yaktaur captain (D:15)
  Josephine (Orc:2)
  2 rakshasas
  An ogre mage (D:15)
  2 hydras
  3 centaur warriors
  8 two-headed ogres
  An anaconda (shapeshifter) (D:15)
  A death knight (D:15)
  7 boulder beetles
  4 death yaks
  3 orc high priests (Orc:2)
  8 naga sharpshooters
  3 naga warriors
  2 shock serpents (Snake:1)
  2 skysharks
  A spectral death yak (Lair:5)
  A spectral anaconda (Lair:5)
  A glowing orange brain (D:15)
  A naga ritualist (Snake:2)
  3 wizards
  4 necromancers (Lair:5)
  2 harpies (Lair:2)
  An obsidian statue (Lair:5)
  4 orc knights (Orc:2)
  2 deep elf pyromancers
  5 orc sorcerers
  A phantasmal warrior (D:15)
  12 ugly things
  An oklob plant (Lair:4)
  3 cyclopes
  A wolf spider (D:15)
  3 salamanders
  3 manticores
  20 elephants
  2 guardian serpents
  A black mamba (shapeshifter) (D:13)
  17 black mambas
  4 naga magi
  2 gargoyles
  8 cane toads
  2 rime drakes
  2 efreet (D:15)
  An unseen horror (D:12)
  14 komodo dragons
  2 freezing wraiths (D:15)
  7 trolls
  A meliai (D:15)
  4 polar bears
  A tarantella (shapeshifter) (D:15)
  A spectral elephant (Lair:5)
  18 blink frogs
  18 slime creatures
  A culicivora (shapeshifter) (D:15)
  3 shadows
  49 yaks
  3 wyverns
  6 wraiths
  7 hogs (Lair:3)
  7 basilisks
  2 steam dragons
  2 vampire mosquitoes (D:10)
  A warg (Orc:1)
  2 death yak simulacra (Lair:5)
  A redback simulacrum (D:15)
  13 nagas
  A spectral cane toad (Lair:5)
  2 acid dragons
  15 water moccasins
  21 orc warriors
  Pargi (Sewer)
  4 sky beasts
  4 black bears
  An ice beast (D:5)
  5 ogres
  6 wolves (Lair:5)
  2 elephant skeletons (Lair:5)
  8 centaurs
  3 phantoms
  15 bullfrogs
  5 scorpions
  2 cane toad simulacra (Lair:5)
  12 wights
  An elephant simulacrum (Lair:5)
  25 killer bees
  2 howler monkeys
  2 electric eels (Lair:2)
  A jelly (D:5)
  6 hounds
  12 orc priests
  An iguana (D:6)
  18 orc wizards
  8 hell rats (Lair:4)
  A river rat (D:4)
  7 adders
  A white imp (D:6)
  3 worms (D:2)
  A dart slug (D:4)
  60 orcs
  9 endoplasms
  4 giant cockroaches
  7 goblins
  4 hobgoblins
  5 kobolds
  4 quokkas
  12 ball pythons
  6 bats
  3 frilled lizards
  13 rats
648 creatures vanquished.

Vanquished Creatures (others)
  A naga warrior (Snake:2)
  A cane toad (Lair:5)
  An orc wizard (Orc:2)
3 creatures vanquished.

Grand Total: 651 creatures vanquished

Notes
Turn   | Place    | Note
-------+----------+-------------------------------------------
     0 | D:1      | qw the Gargoyle Fighter began the quest for the Orb.
     0 | D:1      | Reached XP level 1. HP: 14/14 MP: 1/1
     0 | D:1      | 0 ||| qw: Version: 0.2-a-29-gc1b59c4
     0 | D:1      | 0 ||| qw: Game counter: 4234
     0 | D:1      | 0 ||| qw: Always use a shield: true
     0 | D:1      | 0 ||| qw: God list: Okawaru
     0 | D:1      | 0 ||| qw: Allow faded altars: false
     0 | D:1      | 0 ||| qw: Do Orc after D:15 true
     0 | D:1      | 0 ||| qw: Do second Lair branch before Depths: true
     0 | D:1      | 0 ||| qw: Lair rune preference: random
     0 | D:1      | 0 ||| qw: Plans: Normal, Zot:1-4, Slime:5, God:TSO, Crypt,
                  | Tomb, Abyss, Pan, Hells, Win
     0 | D:1      | 0 ||| PLANNING D:1-11
    52 | D:1      | Reached skill level 2 in Axes
    98 | D:1      | 98 ||| Stepping ~*~*~tactically~*~*~ (stealth).
   123 | D:1      | Reached XP level 2. HP: 19/19 MP: 2/2
   227 | D:1      | 227 ||| DROPPING +0 club.
   361 | D:1      | 361 ||| Stepping ~*~*~tactically~*~*~ (stealth).
   483 | D:1      | Reached skill level 3 in Axes
   592 | D:1      | Reached XP level 3. HP: 22/23 MP: 3/3
   676 | D:1      | 676 ||| UPGRADING to amulet of regeneration.
   681 | D:1      | 681 ||| READING 2 scrolls labelled XAULIM ERIOGO.
   919 | D:2      | 919 ||| Stepping ~*~*~tactically~*~*~ (hiding).
  1002 | D:2      | You fall into a shaft and drop 1 floor!
  1020 | D:3      | Reached XP level 4. HP: 28/28 MP: 4/4
  1026 | D:3      | Found a stormy altar of Qazlal.
  1026 | D:3      | Noticed a sky beast
  1041 | D:3      | Killed a sky beast
  1042 | D:3      | Reached skill level 4 in Axes
  1042 | D:3      | Reached XP level 5. HP: 21/32 MP: 5/5
  1090 | D:3      | 1090 ||| READING scroll labelled MOTOECLOAH.
  1097 | D:3      | 1097 ||| READING scroll labelled JITULYALUNO.
  1098 | D:3      | 1098 ||| Stepping ~*~*~tactically~*~*~ (stealth).
  1099 | D:3      | 1099 ||| READING scroll labelled SUMYINL WUPNIKHO.
  1100 | D:3      | 1100 ||| READING scroll labelled NOIGUROSAE.
  1101 | D:3      | 1101 ||| Stepping randomly (stuck).
  1102 | D:3      | 1102 ||| Stepping randomly (stuck).
  1104 | D:3      | 1104 ||| Stepping randomly (stuck).
  1105 | D:3      | 1105 ||| Stepping randomly (stuck).
  1110 | D:3      | Reached skill level 5 in Axes
  1112 | D:3      | 1112 ||| Stepping randomly (stuck).
  1113 | D:3      | 1113 ||| Stepping randomly (stuck).
  1114 | D:3      | 1114 ||| Stepping randomly (stuck).
  1115 | D:3      | 1115 ||| FLEEEEING.
  1116 | D:3      | 1116 ||| FLEEEEING.
  1117 | D:3      | 1117 ||| FLEEEEING.
  1118 | D:3      | 1118 ||| FLEEEEING.
  1119 | D:3      | 1119 ||| FLEEEEING.
  1120 | D:3      | 1120 ||| FLEEEEING.
  1121 | D:3      | 1121 ||| FLEEEEING.
  1125 | D:3      | 1125 ||| FLEEEEING.
  1127 | D:3      | 1127 ||| FLEEEEING.
  1128 | D:3      | 1128 ||| FLEEEEING.
  1129 | D:3      | 1129 ||| FLEEEEING.
  1134 | D:3      | 1134 ||| FLEEEEING.
  1135 | D:3      | 1135 ||| FLEEEEING.
  1136 | D:3      | 1136 ||| FLEEEEING.
  1137 | D:3      | 1137 ||| FLEEEEING.
  1138 | D:3      | 1138 ||| FLEEEEING.
  1139 | D:3      | 1139 ||| FLEEEEING.
  1140 | D:3      | 1140 ||| FLEEEEING.
  1341 | D:2      | Found a faded altar of an unknown god.
  1345 | D:2      | 1345 ||| DROPPING +6 ring of intelligence.
  1419 | D:3      | 1419 ||| Stepping ~*~*~tactically~*~*~ (stealth).
  1528 | D:3      | 1528 ||| Stepping ~*~*~tactically~*~*~ (stealth).
  1545 | D:3      | Found a sparkling altar of Nemelex Xobeh.
  1590 | D:3      | 1590 ||| Stepping ~*~*~tactically~*~*~ (stealth).
  1591 | D:3      | 1591 ||| DROPPING +2 mace of protection.
  1592 | D:3      | 1592 ||| Stepping ~*~*~tactically~*~*~ (stealth).
  1690 | D:3      | Reached skill level 1 in Dodging
  1690 | D:3      | Reached XP level 6. HP: 38/38 MP: 6/6
  1821 | D:3      | 1821 ||| UPGRADING to +0 chain mail.
  1831 | D:3      | 1831 ||| DROPPING +0 scale mail.
  1851 | D:4      | 1851 ||| PLANNING SEWER
  1883 | D:4      | Found a glowing drain.
  1899 | D:4      | 1899 ||| UPGRADING to +2 cloak.
  1908 | Sewer    | Entered a sewer
  1920 | Sewer    | Noticed Pargi
  1931 | Sewer    | Killed Pargi
  2029 | Sewer    | 2029 ||| READING 2 scrolls of identify.
  2029 | Sewer    | 2029 ||| IDENTIFYING green potion
  2030 | Sewer    | 2030 ||| DROPPING potion of ambrosia.
  2044 | D:4      | 2044 ||| PLANNING D:1-11
  2185 | D:4      | 2185 ||| Stepping ~*~*~tactically~*~*~ (stealth).
  2480 | D:4      | Noticed a black bear
  2490 | D:4      | Killed a black bear
  2491 | D:4      | Reached skill level 6 in Axes
  2491 | D:4      | Reached XP level 7. HP: 43/43 MP: 7/7
  2756 | D:4      | 2756 ||| UPGRADING to +0 pair of gloves.
  2761 | D:4      | 2761 ||| UPGRADING to ring of protection from cold.
  2762 | D:4      | 2762 ||| UPGRADING to +4 ring of protection.
  2763 | D:4      | 2763 ||| READING scroll labelled YNADAI QEODO.
  2764 | D:4      | 2764 ||| READING scroll labelled QEXTEL CETWEWU.
  2765 | D:4      | 2765 ||| DRINKING 2 smoky puce potions.
  2766 | D:4      | 2766 ||| READING 3 scrolls of identify.
  2766 | D:4      | 2766 ||| IDENTIFYING fuming silvery potion
  2767 | D:4      | 2767 ||| READING 2 scrolls of identify.
  2767 | D:4      | 2767 ||| IDENTIFYING sapphire potion
  2768 | D:4      | 2768 ||| DROPPING potion of enlightenment.
  2820 | D:5      | Entered Level 5 of the Dungeon
  2882 | D:5      | Found a broken altar of Ashenzari.
  2971 | D:5      | Found a staircase to the Ecumenical Temple.
  2972 | D:5      | 2972 ||| PLANNING TEMPLE
  2982 | D:5      | 2982 ||| UPGRADING to amulet of faith.
  3001 | Temple   | Entered the Ecumenical Temple
  3171 | Temple   | 3171 ||| PLANNING D:1-11
  3257 | D:5      | Found a blossoming altar of Fedhas.
  3301 | D:5      | Reached skill level 7 in Axes
  3385 | D:5      | 3385 ||| Stepping ~*~*~tactically~*~*~ (hiding).
  3386 | D:5      | 3386 ||| Stepping ~*~*~tactically~*~*~ (hiding).
  3396 | D:5      | 3396 ||| READING 2 scrolls of teleportation.
  3839 | D:6      | Reached XP level 8. HP: 46/50 MP: 8/8
  3857 | D:6      | Found a glowing silver altar of Zin.
  3917 | D:6      | Noticed a shadow
  3926 | D:6      | Reached skill level 1 in Throwing
  3937 | D:6      | Killed a shadow
  3972 | D:6      | 3972 ||| Stepping ~*~*~tactically~*~*~ (stealth).
  3973 | D:6      | 3973 ||| Stepping ~*~*~tactically~*~*~ (stealth).
  3994 | D:6      | HP: 12/50 [something (2)]
  3995 | D:6      | 3995 ||| READING scroll of teleportation.
  3996 | D:6      | 3996 ||| DRINKING 2 potions of heal wounds.
  4158 | D:6      | 4158 ||| Stepping ~*~*~tactically~*~*~ (stealth).
  4398 | D:6      | 4398 ||| Stepping ~*~*~tactically~*~*~ (hiding).
  4408 | D:6      | Reached skill level 8 in Axes
  4513 | D:6      | Found a burning altar of Makhleb.
  4520 | D:6      | Found a white marble altar of Elyvilon.
  4529 | D:6      | Reached skill level 6 in Fighting
  4545 | D:6      | Reached XP level 9. HP: 50/55 MP: 9/9
  5004 | D:6      | 5004 ||| READING scroll labelled TOVABIN JIPU.
  5105 | D:6      | 5105 ||| READING scroll labelled PELICR UJURATT.
  5106 | D:6      | 5106 ||| DRINKING 2 fizzy red potions.
  5106 | D:6      | Gained mutation: You do not regenerate when monsters are
                  | visible. [potion of mutation]
  5106 | D:6      | Gained mutation: Your large and strong wings let you fly.
                  | [potion of mutation]
  5107 | D:6      | 5107 ||| DRINKING potion of mutation.
  5107 | D:6      | Lost mutation: Your large and strong wings let you fly.
                  | [potion of mutation]
  5107 | D:6      | Lost mutation: You do not regenerate when monsters are
                  | visible. [potion of mutation]
  5107 | D:6      | Gained mutation: You are occasionally teleported next to
                  | monsters. [potion of mutation]
  5108 | D:6      | 5108 ||| DRINKING 2 glowing silvery potions.
  5213 | D:6      | 5213 ||| DROPPING potion of berserk rage.
  5235 | D:7      | 5235 ||| STAIRDANCE
  5268 | D:7      | Reached skill level 9 in Axes
  5273 | D:7      | 5273 ||| STAIRDANCE
  5345 | D:6      | 5345 ||| DROPPING +0 flail.
  5346 | D:6      | 5346 ||| UPGRADING to +0 plate armour.
  5356 | D:6      | 5356 ||| DROPPING +0 chain mail.
  5366 | D:7      | 5366 ||| DRINKING potion of mutation.
  5366 | D:7      | Lost mutation: You are occasionally teleported next to
                  | monsters. [potion of mutation]
  5366 | D:7      | Gained mutation: Armour fits poorly on your strangely
                  | shaped body. [potion of mutation]
  5366 | D:7      | Gained mutation: Your muscles are strong. (Str +4, Int/Dex
                  | -1) [potion of mutation]
  5373 | D:7      | 5373 ||| Stepping ~*~*~tactically~*~*~ (hiding).
  5375 | D:7      | 5375 ||| Stepping ~*~*~tactically~*~*~ (hiding).
  5490 | D:7      | 5490 ||| Stepping ~*~*~tactically~*~*~ (stealth).
  5750 | D:7      | 5750 ||| Stepping ~*~*~tactically~*~*~ (hiding).
  5773 | D:7      | Reached skill level 6 in Armour
  6145 | D:7      | 6145 ||| DROPPING amulet of regeneration.
  6146 | D:7      | 6146 ||| DROPPING amulet of guardian spirit.
  6147 | D:7      | 6147 ||| READING scroll labelled SIMAABADDO.
  6147 | D:7      | Identified a scroll of acquirement
  6147 | D:7      | 6147 ||| ACQUIRING +1 broad axe of flaming
  6147 | D:7      | Acquired a +1 broad axe of flaming
  6149 | D:7      | 6149 ||| SWAPPING to +1 broad axe of flaming.
  6150 | D:7      | 6150 ||| DROPPING +3 flail.
  6151 | D:7      | 6151 ||| DROPPING +1 flail of draining.
  6152 | D:7      | 6152 ||| DROPPING +0 war axe.
  6153 | D:7      | 6153 ||| READING 3 scrolls of identify.
  6153 | D:7      | 6153 ||| IDENTIFYING fuming red potion
  6154 | D:7      | 6154 ||| READING 2 scrolls of identify.
  6154 | D:7      | 6154 ||| IDENTIFYING murky inky potion
  6304 | D:8      | 6304 ||| Stepping ~*~*~tactically~*~*~ (stealth).
  6310 | D:8      | 6310 ||| Stepping ~*~*~tactically~*~*~ (stealth).
  6524 | D:8      | 6524 ||| FLEEEEING.
  6525 | D:8      | 6525 ||| FLEEEEING.
  6528 | D:8      | 6528 ||| FLEEEEING.
  6529 | D:8      | 6529 ||| FLEEEEING.
  6530 | D:8      | 6530 ||| FLEEEEING.
  6531 | D:8      | 6531 ||| FLEEEEING.
  6532 | D:8      | 6532 ||| FLEEEEING.
  6533 | D:8      | 6533 ||| FLEEEEING.
  6534 | D:8      | 6534 ||| FLEEEEING.
  6535 | D:8      | 6535 ||| FLEEEEING.
  6538 | D:8      | 6538 ||| FLEEEEING.
  6542 | D:8      | 6542 ||| FLEEEEING.
  6543 | D:8      | 6543 ||| FLEEEEING.
  6544 | D:8      | 6544 ||| FLEEEEING.
  6545 | D:8      | 6545 ||| FLEEEEING.
  6546 | D:8      | 6546 ||| FLEEEEING.
  6547 | D:8      | 6547 ||| FLEEEEING.
  6548 | D:8      | 6548 ||| FLEEEEING.
  6549 | D:8      | 6549 ||| FLEEEEING.
  6550 | D:8      | 6550 ||| FLEEEEING.
  6551 | D:8      | 6551 ||| FLEEEEING.
  6552 | D:8      | 6552 ||| FLEEEEING.
  6554 | D:8      | 6554 ||| FLEEEEING.
  6555 | D:8      | 6555 ||| FLEEEEING.
  6556 | D:8      | 6556 ||| FLEEEEING.
  6557 | D:8      | 6557 ||| FLEEEEING.
  6561 | D:8      | 6561 ||| FLEEEEING.
  6562 | D:8      | 6562 ||| FLEEEEING.
  6563 | D:8      | 6563 ||| FLEEEEING.
  6564 | D:8      | 6564 ||| FLEEEEING.
  6565 | D:8      | 6565 ||| FLEEEEING.
  6570 | D:8      | 6570 ||| FLEEEEING.
  6571 | D:8      | 6571 ||| FLEEEEING.
  6572 | D:8      | 6572 ||| FLEEEEING.
  6576 | D:8      | 6576 ||| FLEEEEING.
  6577 | D:8      | 6577 ||| FLEEEEING.
  6578 | D:8      | 6578 ||| FLEEEEING.
  6579 | D:8      | 6579 ||| FLEEEEING.
  6583 | D:8      | 6583 ||| FLEEEEING.
  6584 | D:8      | 6584 ||| FLEEEEING.
  6585 | D:8      | 6585 ||| FLEEEEING.
  6836 | D:8      | Reached XP level 10. HP: 63/63 MP: 10/10
  7001 | D:8      | 7001 ||| Stepping ~*~*~tactically~*~*~ (stealth).
  7002 | D:8      | 7002 ||| Stepping ~*~*~tactically~*~*~ (stealth).
  7003 | D:8      | 7003 ||| Stepping ~*~*~tactically~*~*~ (stealth).
  7004 | D:8      | 7004 ||| Stepping ~*~*~tactically~*~*~ (stealth).
  7010 | D:8      | Reached skill level 10 in Axes
  7171 | D:8      | 7171 ||| READING scroll labelled SOFENO YGRUAN.
  7172 | D:8      | 7172 ||| READING scroll labelled QUDYK DIREHAGG.
  7185 | D:8      | 7185 ||| FLEEEEING.
  7186 | D:8      | 7186 ||| FLEEEEING.
  7187 | D:8      | 7187 ||| FLEEEEING.
  7191 | D:8      | 7191 ||| FLEEEEING.
  7192 | D:8      | 7192 ||| FLEEEEING.
  7197 | D:8      | 7197 ||| Stepping ~*~*~tactically~*~*~ (hiding).
  7198 | D:8      | 7198 ||| Stepping ~*~*~tactically~*~*~ (hiding).
  7261 | D:9      | 7261 ||| Stepping ~*~*~tactically~*~*~ (hiding).
  7275 | D:9      | 7275 ||| FLEEEEING.
  7276 | D:9      | 7276 ||| STAIRDANCE
  7453 | D:9      | HP: 15/64 [yak (11)]
  7454 | D:9      | 7454 ||| DRINKING 2 potions of heal wounds.
  7466 | D:9      | HP: 12/64 [yak (10)]
  7467 | D:9      | 7467 ||| DRINKING potion of heal wounds.
  7469 | D:9      | Reached skill level 11 in Axes
  7480 | D:9      | 7480 ||| FLEEEEING.
  7481 | D:9      | 7481 ||| FLEEEEING.
  7482 | D:9      | 7482 ||| FLEEEEING.
  7483 | D:9      | 7483 ||| FLEEEEING.
  7484 | D:9      | 7484 ||| FLEEEEING.
  7485 | D:9      | 7485 ||| FLEEEEING.
  7486 | D:9      | 7486 ||| FLEEEEING.
  7487 | D:9      | 7487 ||| FLEEEEING.
  7488 | D:9      | 7488 ||| FLEEEEING.
  7489 | D:9      | 7489 ||| FLEEEEING.
  7490 | D:9      | 7490 ||| STAIRDANCE
  7656 | D:9      | Found a staircase to the Orcish Mines.
  7666 | D:9      | Identified the +0 pair of gloves of Tender Moments {Str+6}
  7803 | D:9      | 7803 ||| SWAPPING to +2 broad axe of flaming.
  7804 | D:9      | 7804 ||| DROPPING +1 broad axe of flaming.
  7841 | D:9      | Found an iron altar of Okawaru.
  7842 | D:9      | 7842 ||| PLANNING OKAWARU WORSHIP
  7842 | D:9      | 7842 ||| UPGRADING to +0 pair of gloves of Tender Moments
                  | {Str+6}.
  7852 | D:9      | 7852 ||| DROPPING +0 pair of gloves.
  7859 | D:9      | Became a worshipper of Warmaster Okawaru
  7859 | D:9      | 7859 ||| PLANNING D:1-11
  7945 | D:9      | Reached skill level 9 in Fighting
  8002 | D:9      | Reached XP level 11. HP: 70/71 MP: 11/11
  8096 | D:9      | Found a staircase to the Lair.
  8103 | D:9      | Reached skill level 3 in Throwing
  8135 | D:9      | Noticed a green ugly thing
  8153 | D:9      | Killed a green ugly thing
  8153 | D:9      | Reached * piety under Okawaru
  8187 | D:9      | 8187 ||| Stepping ~*~*~tactically~*~*~ (stealth).
  8197 | D:9      | Reached skill level 1 in Invocations
  8224 | D:9      | 8224 ||| INVOKING Heroism.
  8225 | D:9      | 8225 ||| DRINKING potion of curing.
  8225 | D:9      | 8225 ||| (to cure confusion)
  8234 | D:9      | Noticed a boulder beetle
  8240 | D:9      | 8240 ||| INVOKING Heroism.
  8253 | D:9      | Killed a boulder beetle
  8254 | D:9      | Reached skill level 3 in Invocations
  8686 | D:9      | 8686 ||| INVOKING Heroism.
  9008 | D:9      | 9008 ||| PLANNING LAIR
  9020 | Lair:1   | Entered Level 1 of the Lair of Beasts
  9059 | Lair:1   | 9059 ||| INVOKING Heroism.
  9067 | Lair:1   | 9067 ||| Stepping ~*~*~tactically~*~*~ (stealth).
  9085 | Lair:1   | 9085 ||| INVOKING Heroism.
  9095 | Lair:1   | Reached skill level 12 in Axes
  9103 | Lair:1   | Reached ** piety under Okawaru
  9122 | Lair:1   | 9122 ||| Stepping ~*~*~tactically~*~*~ (stealth).
  9125 | Lair:1   | 9125 ||| INVOKING Heroism.
  9159 | Lair:1   | 9159 ||| Stepping ~*~*~tactically~*~*~ (stealth).
  9160 | Lair:1   | 9160 ||| Stepping ~*~*~tactically~*~*~ (stealth).
  9162 | Lair:1   | 9162 ||| INVOKING Heroism.
  9350 | Lair:1   | 9350 ||| Stepping ~*~*~tactically~*~*~ (stealth).
  9352 | Lair:1   | 9352 ||| INVOKING Heroism.
  9357 | Lair:1   | Reached skill level 6 in Shields
  9375 | Lair:1   | 9375 ||| Stepping ~*~*~tactically~*~*~ (stealth).
  9377 | Lair:1   | 9377 ||| INVOKING Heroism.
  9391 | Lair:1   | 9391 ||| Stepping ~*~*~tactically~*~*~ (stealth).
  9426 | Lair:1   | 9426 ||| Stepping ~*~*~tactically~*~*~ (stealth).
  9427 | Lair:1   | 9427 ||| Stepping ~*~*~tactically~*~*~ (stealth).
  9428 | Lair:1   | 9428 ||| Stepping ~*~*~tactically~*~*~ (stealth).
  9429 | Lair:1   | 9429 ||| INVOKING Heroism.
  9430 | Lair:1   | 9430 ||| Stepping ~*~*~tactically~*~*~ (stealth).
  9446 | Lair:1   | Reached *** piety under Okawaru
  9645 | Lair:1   | 9645 ||| INVOKING Heroism.
  9652 | Lair:1   | Reached XP level 12. HP: 77/77 MP: 12/15
  9670 | Lair:1   | Found a runed translucent gate.
  9670 | Lair:1   | Found a runed translucent gate.
  9670 | Lair:1   | Found a runed translucent gate.
  9670 | Lair:1   | Noticed a ten-headed hydra
  9672 | Lair:1   | Noticed qw's ghost (journeyman NaHu)
  9691 | Lair:1   | 9691 ||| INVOKING Heroism.
  9804 | Lair:1   | 9804 ||| Stepping ~*~*~tactically~*~*~ (stealth).
  9811 | Lair:1   | Reached **** piety under Okawaru
 10138 | Lair:1   | 10138 ||| DRINKING 2 emerald potions.
 10139 | Lair:1   | 10139 ||| DROPPING potion of invisibility.
 10162 | Lair:2   | Reached skill level 13 in Axes
 10176 | Lair:2   | 10176 ||| INVOKING Heroism.
 10265 | Lair:2   | 10265 ||| DRINKING potion of mutation.
 10265 | Lair:2   | Lost mutation: Armour fits poorly on your strangely shaped
                  | body. [potion of mutation]
 10265 | Lair:2   | Lost mutation: Your muscles are strong. (Str +4, Int/Dex
                  | -1) [potion of mutation]
 10265 | Lair:2   | Gained mutation: Your spells are a little easier to cast,
                  | but a little less powerful. [potion of mutation]
 10265 | Lair:2   | Gained mutation: You expend magic power (3 MP) to
                  | strengthen your wands. [potion of mutation]
 10270 | Lair:2   | Found a staircase to the Snake Pit.
 10276 | Lair:2   | 10276 ||| INVOKING Heroism.
 10438 | Lair:2   | 10438 ||| INVOKING Heroism.
 10513 | Lair:2   | Received a gift from Okawaru
 10572 | Lair:2   | Reached skill level 9 in Armour
 10637 | Lair:2   | 10637 ||| Stepping ~*~*~tactically~*~*~ (hiding).
 10640 | Lair:2   | 10640 ||| INVOKING Heroism.
 10653 | Lair:2   | Reached skill level 6 in Invocations
 10790 | Lair:2   | Noticed qw's ghost (journeyman GrHu)
 10799 | Lair:2   | Found a runed translucent door.
 10815 | Lair:2   | Found a staircase to the Shoals.
 10825 | Lair:2   | 10825 ||| Stepping ~*~*~tactically~*~*~ (water).
 10829 | Lair:2   | 10829 ||| INVOKING Heroism.
 11188 | Lair:2   | 11188 ||| INVOKING Heroism.
 11526 | Lair:2   | 11526 ||| DRINKING 2 glowing pink potions.
 11527 | Lair:2   | 11527 ||| READING 2 scrolls of identify.
 11527 | Lair:2   | 11527 ||| IDENTIFYING dark potion
 11528 | Lair:2   | 11528 ||| DROPPING potion of degeneration.
 11557 | Lair:3   | 11557 ||| INVOKING Heroism.
 11559 | Lair:3   | 11559 ||| Stepping ~*~*~tactically~*~*~ (stealth).
 11560 | Lair:3   | 11560 ||| Stepping ~*~*~tactically~*~*~ (stealth).
 11581 | Lair:3   | Reached ***** piety under Okawaru
 11761 | Lair:3   | Noticed Kirke
 11761 | Lair:3   | 11761 ||| INVOKING Heroism.
 11763 | Lair:3   | 11763 ||| INVOKING Finesse.
 11770 | Lair:3   | 11770 ||| DRINKING potion of cancellation.
 11782 | Lair:3   | Killed Kirke
 11782 | Lair:3   | Identified the +7 great sword of the Equator {protect,
                  | *Rage rPois rF+++} (Okawaru gifted it to you on level 3 of
                  | the Lair of Beasts)
 11782 | Lair:3   | Received a gift from Okawaru
 11783 | Lair:3   | Reached XP level 13. HP: 82/82 MP: 11/19
 12012 | Lair:3   | You fall into a shaft and drop 1 floor!
 12013 | Lair:4   | 12013 ||| READING scroll labelled XIESHA ERETAA.
 12017 | Lair:4   | 12017 ||| Stepping ~*~*~tactically~*~*~ (stealth).
 12471 | Lair:4   | 12471 ||| INVOKING Heroism.
 12491 | Lair:4   | 12491 ||| INVOKING Heroism.
 12493 | Lair:4   | Reached skill level 9 in Invocations
 12555 | Lair:4   | 12555 ||| Stepping ~*~*~tactically~*~*~ (stealth).
 12557 | Lair:4   | 12557 ||| INVOKING Heroism.
 12595 | Lair:4   | Found a staircase to the Slime Pits.
 12636 | Lair:4   | Identified the +1 acid dragon scales "Odwei" {rElec rF+++
                  | rCorr Int-3 SInv} (Okawaru gifted it to you on level 4 of
                  | the Lair of Beasts)
 12636 | Lair:4   | Received a gift from Okawaru
 12637 | Lair:4   | Reached skill level 14 in Axes
 12816 | Lair:4   | 12816 ||| INVOKING Heroism.
 12817 | Lair:4   | 12817 ||| INVOKING Finesse.
 12925 | Lair:4   | 12925 ||| INVOKING Heroism.
 12931 | Lair:4   | 12931 ||| SWAPPING to +0 club.
 12934 | Lair:4   | 12934 ||| SWAPPING to +2 heavy broad axe.
 12974 | Lair:4   | 12974 ||| INVOKING Heroism.
 13288 | Lair:4   | 13288 ||| READING scroll of brand weapon.
 13288 | Lair:4   | 13288 ||| BRANDING +2 heavy broad axe.
 13289 | Lair:4   | 13289 ||| DROPPING +0 club.
 13595 | Lair:4   | 13595 ||| UPGRADING to +1 acid dragon scales "Odwei" {rElec
                  | rF+++ rCorr Int-3 SInv}.
 13605 | Lair:4   | 13605 ||| READING scroll labelled HUESIO XOIDECW.
 13606 | Lair:4   | 13606 ||| READING 2 scrolls of identify.
 13606 | Lair:4   | 13606 ||| IDENTIFYING murky sapphire potion
 13613 | Lair:5   | Entered Level 5 of the Lair of Beasts
 13760 | Lair:5   | Reached skill level 3 in Dodging
 13768 | Lair:5   | 13768 ||| INVOKING Heroism.
 13793 | Lair:5   | 13793 ||| Stepping ~*~*~tactically~*~*~ (stealth).
 13809 | Lair:5   | 13809 ||| INVOKING Heroism.
 13872 | Lair:5   | 13872 ||| Stepping ~*~*~tactically~*~*~ (stealth).
 13897 | Lair:5   | 13897 ||| FLEEEEING.
 13898 | Lair:5   | 13898 ||| FLEEEEING.
 13969 | Lair:5   | 13969 ||| FLEEEEING.
 13970 | Lair:5   | 13970 ||| FLEEEEING.
 13971 | Lair:5   | 13971 ||| FLEEEEING.
 13973 | Lair:5   | 13973 ||| FLEEEEING.
 13974 | Lair:5   | 13974 ||| FLEEEEING.
 13975 | Lair:5   | 13975 ||| FLEEEEING.
 13976 | Lair:5   | 13976 ||| FLEEEEING.
 13977 | Lair:5   | 13977 ||| FLEEEEING.
 13978 | Lair:5   | 13978 ||| FLEEEEING.
 13979 | Lair:5   | 13979 ||| FLEEEEING.
 13980 | Lair:5   | 13980 ||| FLEEEEING.
 13981 | Lair:5   | 13981 ||| FLEEEEING.
 13982 | Lair:5   | 13982 ||| FLEEEEING.
 13983 | Lair:5   | 13983 ||| INVOKING Heroism.
 14097 | Lair:5   | 14097 ||| INVOKING Heroism.
 14220 | Lair:5   | Noticed a dire elephant
 14220 | Lair:5   | Noticed a dire elephant
 14221 | Lair:5   | Noticed a dire elephant
 14255 | Lair:5   | 14255 ||| INVOKING Heroism.
 14256 | Lair:5   | 14256 ||| INVOKING Finesse.
 14303 | Lair:5   | Gained mutation: Your large and strong wings let you fly.
                  | [Gargoyle growth]
 14303 | Lair:5   | Reached XP level 14. HP: 90/90 MP: 16/21
 14335 | Lair:5   | 14335 ||| DROPPING +2 broad axe of draining.
 14364 | Lair:5   | Reached skill level 15 in Axes
 14416 | Lair:5   | 14416 ||| INVOKING Heroism.
 14433 | Lair:5   | Killed a dire elephant
 14438 | Lair:5   | Killed a dire elephant
 14439 | Lair:5   | Reached skill level 6 in Throwing
 14451 | Lair:5   | Killed a dire elephant
 14457 | Lair:5   | 14457 ||| FLEEEEING.
 14458 | Lair:5   | 14458 ||| FLEEEEING.
 14459 | Lair:5   | 14459 ||| FLEEEEING.
 14460 | Lair:5   | 14460 ||| FLEEEEING.
 14461 | Lair:5   | 14461 ||| FLEEEEING.
 14463 | Lair:5   | 14463 ||| FLEEEEING.
 14465 | Lair:5   | 14465 ||| FLEEEEING.
 14466 | Lair:5   | 14466 ||| FLEEEEING.
 14481 | Lair:5   | 14481 ||| FLEEEEING.
 14482 | Lair:5   | 14482 ||| FLEEEEING.
 14483 | Lair:5   | 14483 ||| FLEEEEING.
 14484 | Lair:5   | 14484 ||| FLEEEEING.
 14485 | Lair:5   | 14485 ||| FLEEEEING.
 14492 | Lair:5   | 14492 ||| FLEEEEING.
 14493 | Lair:5   | 14493 ||| FLEEEEING.
 14500 | Lair:5   | 14500 ||| INVOKING Heroism.
 14760 | Lair:5   | 14760 ||| INVOKING Heroism.
 14761 | Lair:5   | 14761 ||| INVOKING Finesse.
 14778 | Lair:5   | Reached skill level 12 in Fighting
 15051 | Lair:5   | 15051 ||| INVOKING Heroism.
 15138 | Lair:5   | 15138 ||| INVOKING Heroism.
 15140 | Lair:5   | HP: 13/92 [cane toad (16)]
 15141 | Lair:5   | 15141 ||| READING scroll of teleportation.
 15142 | Lair:5   | 15142 ||| DRINKING 2 potions of heal wounds.
 15295 | Lair:5   | 15295 ||| FLEEEEING.
 15296 | Lair:5   | 15296 ||| FLEEEEING.
 15297 | Lair:5   | 15297 ||| FLEEEEING.
 15298 | Lair:5   | 15298 ||| STAIRDANCE
 15328 | Lair:4   | 15328 ||| DROPPING +2 cloak.
 15329 | Lair:4   | 15329 ||| READING scroll labelled XOHODO ICLAKI.
 15330 | Lair:4   | 15330 ||| READING scroll labelled PISMOO MUXEIL.
 15680 | Lair:5   | 15680 ||| PLANNING D:1-11
 15680 | Lair:5   | 15680 ||| UPGRADING to +1 helmet of intelligence.
 15690 | Lair:5   | 15690 ||| READING scroll of enchant armour.
 15690 | Lair:5   | 15690 ||| ENCHANTING +1 helmet of intelligence.
 15712 | Lair:5   | 15712 ||| Stepping ~*~*~tactically~*~*~ (stealth).
 15860 | D:10     | Entered Level 10 of the Dungeon
 16183 | D:10     | 16183 ||| Stepping ~*~*~tactically~*~*~ (stealth).
 16210 | D:10     | Found an ancient bone altar of Kikubaaqudgha.
 16336 | D:10     | Found a shimmering altar of Xom.
 16337 | D:10     | Found an opulent altar of Gozag.
 16348 | D:10     | 16348 ||| Stepping ~*~*~tactically~*~*~ (hiding).
 16679 | D:11     | Reached skill level 16 in Axes
 16994 | D:11     | Identified the +0 robe of the Eagle {rElec} (Okawaru gifted
                  | it to you on level 11 of the Dungeon)
 16994 | D:11     | Received a gift from Okawaru
 17071 | D:11     | 17071 ||| Stepping ~*~*~tactically~*~*~ (stealth).
 17072 | D:11     | 17072 ||| Stepping ~*~*~tactically~*~*~ (stealth).
 17352 | D:11     | 17352 ||| READING scroll of acquirement.
 17352 | D:11     | 17352 ||| ACQUIRING 1068 gold pieces
 17352 | D:11     | Acquired 1068 gold pieces
 17411 | D:11     | 17411 ||| PLANNING D
 17411 | D:11     | 17411 ||| READING scroll labelled KUP TUVUNAEZUNAI.
 17484 | D:12     | 17484 ||| INVOKING Heroism.
 17504 | D:12     | 17504 ||| INVOKING Heroism.
 17505 | D:12     | 17505 ||| INVOKING Finesse.
 17579 | D:12     | Noticed Yklotitu's ghost (journeyman CeHu)
 17583 | D:12     | Noticed a lich
 17665 | D:12     | 17665 ||| Stepping ~*~*~tactically~*~*~ (stealth).
 17667 | D:12     | 17667 ||| Stepping ~*~*~tactically~*~*~ (stealth).
 17668 | D:12     | 17668 ||| Stepping ~*~*~tactically~*~*~ (stealth).
 17670 | D:12     | 17670 ||| Stepping ~*~*~tactically~*~*~ (stealth).
 17695 | D:12     | 17695 ||| Stepping ~*~*~tactically~*~*~ (stealth).
 17696 | D:12     | 17696 ||| Stepping ~*~*~tactically~*~*~ (stealth).
 17697 | D:12     | 17697 ||| Stepping ~*~*~tactically~*~*~ (stealth).
 17698 | D:12     | 17698 ||| Stepping ~*~*~tactically~*~*~ (stealth).
 17700 | D:12     | 17700 ||| Stepping ~*~*~tactically~*~*~ (stealth).
 17773 | D:12     | 17773 ||| INVOKING Heroism.
 17774 | D:12     | 17774 ||| INVOKING Finesse.
 17834 | D:12     | 17834 ||| Stepping ~*~*~tactically~*~*~ (stealth).
 18076 | D:12     | Found a runed translucent door.
 18081 | D:12     | Found a runed translucent door.
 18129 | D:12     | Found a frozen archway.
 18403 | D:13     | 18403 ||| INVOKING Heroism.
 18404 | D:13     | 18404 ||| INVOKING Finesse.
 18598 | D:13     | 18598 ||| INVOKING Heroism.
 18616 | D:13     | Reached XP level 15. HP: 96/96 MP: 22/22
 18814 | D:13     | 18814 ||| READING scroll of brand weapon.
 18814 | D:13     | 18814 ||| BRANDING +2 broad axe of flaming.
 18847 | D:13     | 18847 ||| INVOKING Heroism.
 19050 | D:13     | 19050 ||| DROPPING +0 mace.
 19149 | D:13     | Found Feipp's General Store.
 19155 | D:13     | 19155 ||| BUYING scroll of enchant weapon (90 gold).
 19155 | D:13     | Bought a scroll of enchant weapon for 90 gold pieces
 19155 | D:13     | 19155 ||| READING scroll of enchant weapon.
 19155 | D:13     | 19155 ||| ENCHANTING +2 broad axe of electrocution.
 19391 | D:13     | 19391 ||| READING 2 scrolls of identify.
 19391 | D:13     | 19391 ||| IDENTIFYING white potion
 19392 | D:13     | 19392 ||| DROPPING potion of brilliance.
 19572 | D:14     | 19572 ||| READING scroll of enchant weapon.
 19572 | D:14     | 19572 ||| ENCHANTING +3 broad axe of electrocution.
 19597 | D:14     | 19597 ||| Stepping ~*~*~tactically~*~*~ (stealth).
 19850 | D:14     | 19850 ||| Stepping ~*~*~tactically~*~*~ (hiding).
 19975 | D:14     | 19975 ||| READING scroll of enchant weapon.
 19975 | D:14     | 19975 ||| ENCHANTING +4 broad axe of electrocution.
 19987 | D:14     | Noticed Nessos
 20000 | D:14     | Killed Nessos
 20015 | D:14     | 20015 ||| Stepping ~*~*~tactically~*~*~ (hiding).
 20016 | D:14     | 20016 ||| Stepping ~*~*~tactically~*~*~ (hiding).
 20030 | D:14     | Reached skill level 17 in Axes
 20153 | D:14     | Found a gate to the Vaults.
 20154 | D:14     | 20154 ||| Stepping ~*~*~tactically~*~*~ (hiding).
 20377 | D:14     | Received a gift from Okawaru
 20655 | D:14     | 20655 ||| READING 2 scrolls of identify.
 20655 | D:14     | 20655 ||| IDENTIFYING silvery potion
 20683 | D:15     | Entered Level 15 of the Dungeon
 20767 | D:15     | 20767 ||| Stepping ~*~*~tactically~*~*~ (hiding).
 20828 | D:15     | 20828 ||| INVOKING Heroism.
 20829 | D:15     | 20829 ||| SWAPPING to +2 heavy flail.
 20830 | D:15     | 20830 ||| INVOKING Finesse.
 20840 | D:15     | 20840 ||| DRINKING 7 potions of curing.
 20840 | D:15     | 20840 ||| (to cure confusion)
 20851 | D:15     | 20851 ||| SWAPPING to +5 broad axe of electrocution.
 21002 | D:15     | 21002 ||| Stepping ~*~*~tactically~*~*~ (stealth).
 21007 | D:15     | 21007 ||| INVOKING Heroism.
 21092 | D:15     | Found a staircase to the Depths.
 21183 | D:15     | 21183 ||| INVOKING Heroism.
 21194 | D:15     | Received a gift from Okawaru
 21396 | D:15     | 21396 ||| READING 6 scrolls of teleportation.
 21397 | D:15     | 21397 ||| INVOKING Heroism.
 21429 | D:15     | 21429 ||| Stepping ~*~*~tactically~*~*~ (stealth).
 21431 | D:15     | 21431 ||| Stepping ~*~*~tactically~*~*~ (stealth).
 21433 | D:15     | 21433 ||| Stepping ~*~*~tactically~*~*~ (stealth).
 21435 | D:15     | 21435 ||| Stepping ~*~*~tactically~*~*~ (stealth).
 21437 | D:15     | 21437 ||| Stepping ~*~*~tactically~*~*~ (stealth).
 21439 | D:15     | 21439 ||| Stepping ~*~*~tactically~*~*~ (stealth).
 21450 | D:15     | 21450 ||| INVOKING Heroism.
 21470 | D:15     | 21470 ||| Stepping ~*~*~tactically~*~*~ (stealth).
 21472 | D:15     | 21472 ||| Stepping ~*~*~tactically~*~*~ (stealth).
 21479 | D:15     | Received a gift from Okawaru
 21512 | D:15     | 21512 ||| Stepping ~*~*~tactically~*~*~ (hiding).
 21530 | D:15     | 21530 ||| FLEEEEING.
 21531 | D:15     | 21531 ||| FLEEEEING.
 21532 | D:15     | 21532 ||| FLEEEEING.
 21533 | D:15     | 21533 ||| FLEEEEING.
 21534 | D:15     | 21534 ||| FLEEEEING.
 21535 | D:15     | 21535 ||| FLEEEEING.
 21536 | D:15     | 21536 ||| FLEEEEING.
 21537 | D:15     | 21537 ||| FLEEEEING.
 21538 | D:15     | 21538 ||| FLEEEEING.
 21539 | D:15     | 21539 ||| FLEEEEING.
 21540 | D:15     | 21540 ||| FLEEEEING.
 21541 | D:15     | 21541 ||| FLEEEEING.
 21542 | D:15     | 21542 ||| FLEEEEING.
 21550 | D:15     | 21550 ||| FLEEEEING.
 21551 | D:15     | 21551 ||| FLEEEEING.
 21552 | D:15     | 21552 ||| FLEEEEING.
 21553 | D:15     | 21553 ||| FLEEEEING.
 21554 | D:15     | 21554 ||| FLEEEEING.
 21555 | D:15     | 21555 ||| FLEEEEING.
 21556 | D:15     | 21556 ||| FLEEEEING.
 21557 | D:15     | 21557 ||| FLEEEEING.
 21558 | D:15     | 21558 ||| FLEEEEING.
 21559 | D:15     | 21559 ||| FLEEEEING.
 21560 | D:15     | 21560 ||| FLEEEEING.
 21561 | D:15     | 21561 ||| FLEEEEING.
 21562 | D:15     | 21562 ||| FLEEEEING.
 21563 | D:15     | 21563 ||| FLEEEEING.
 21564 | D:15     | 21564 ||| FLEEEEING.
 21565 | D:15     | 21565 ||| FLEEEEING.
 21567 | D:15     | 21567 ||| FLEEEEING.
 21568 | D:15     | 21568 ||| FLEEEEING.
 21914 | D:15     | 21914 ||| Stepping ~*~*~tactically~*~*~ (hiding).
 22018 | D:15     | Received a gift from Okawaru
 22171 | D:15     | 22171 ||| PLANNING ORC
 22171 | D:15     | 22171 ||| DROPPING +0 plate armour.
 22172 | D:15     | 22172 ||| UPGRADING to +1 plate armour of fire resistance.
 22182 | D:15     | 22182 ||| READING scroll of enchant armour.
 22182 | D:15     | 22182 ||| ENCHANTING +1 plate armour of fire resistance.
 22361 | Orc:1    | Entered Level 1 of the Orcish Mines
 22364 | Orc:1    | 22364 ||| Stepping ~*~*~tactically~*~*~ (hiding).
 22365 | Orc:1    | 22365 ||| INVOKING Heroism.
 22366 | Orc:1    | 22366 ||| Stepping ~*~*~tactically~*~*~ (hiding).
 22367 | Orc:1    | 22367 ||| Stepping ~*~*~tactically~*~*~ (hiding).
 22368 | Orc:1    | 22368 ||| Stepping ~*~*~tactically~*~*~ (hiding).
 22570 | Orc:2    | Entered Level 2 of the Orcish Mines
 22584 | Orc:2    | Found Riocaphu's Assorted Antiques.
 22592 | Orc:2    | 22592 ||| BUYING scroll of teleportation (99 gold).
 22592 | Orc:2    | Bought a scroll of teleportation for 99 gold pieces
 22592 | Orc:2    | 22592 ||| BUYING viscous amethyst potion (29 gold).
 22592 | Orc:2    | Bought a viscous amethyst potion for 29 gold pieces
 22644 | Orc:2    | 22644 ||| Stepping ~*~*~tactically~*~*~ (stealth).
 22653 | Orc:2    | 22653 ||| Stepping ~*~*~tactically~*~*~ (hiding).
 22676 | Orc:2    | Noticed Josephine
 22683 | Orc:2    | Killed Josephine
 22746 | Orc:1    | 22746 ||| Stepping ~*~*~tactically~*~*~ (stealth).
 22747 | Orc:1    | 22747 ||| Stepping ~*~*~tactically~*~*~ (stealth).
 22748 | Orc:1    | 22748 ||| Stepping ~*~*~tactically~*~*~ (stealth).
 22750 | Orc:1    | 22750 ||| Stepping ~*~*~tactically~*~*~ (hiding).
 23145 | Orc:2    | 23145 ||| INVOKING Heroism.
 23150 | Orc:2    | Received a gift from Okawaru
 23173 | Orc:2    | 23173 ||| INVOKING Heroism.
 23197 | Orc:2    | 23197 ||| DROPPING +2 heavy flail.
 23240 | Orc:2    | 23240 ||| FLEEEEING.
 23332 | Orc:2    | Found a staircase to the Elven Halls.
 23388 | Orc:2    | 23388 ||| INVOKING Heroism.
 23389 | Orc:2    | 23389 ||| Stepping ~*~*~tactically~*~*~ (hiding).
 23396 | Orc:2    | 23396 ||| DRINKING 6 potions of curing.
 23396 | Orc:2    | 23396 ||| (to cure confusion)
 23421 | Orc:2    | Paralysed by an orc sorcerer for 5 turns
 23427 | Orc:2    | 23427 ||| INVOKING Heroism.
 23429 | Orc:2    | HP: 13/98 [orc high priest/divine providence (13)]
 23430 | Orc:2    | Reached XP level 16. HP: 14/104 MP: 20/23
 23430 | Orc:2    | 23430 ||| READING 7 scrolls of teleportation.
 23431 | Orc:2    | 23431 ||| DRINKING 3 potions of heal wounds.
 23638 | Orc:2    | 23638 ||| Stepping ~*~*~tactically~*~*~ (hiding).
 23643 | Orc:2    | 23643 ||| INVOKING Heroism.
 23704 | Orc:2    | 23704 ||| Stepping ~*~*~tactically~*~*~ (hiding).
 23713 | Orc:2    | 23713 ||| INVOKING Heroism.
 23724 | Orc:2    | Found Ixkeemi's Armour Boutique.
 23724 | Orc:2    | Found Kemo Roi's Armour Emporium.
 23782 | Orc:2    | Found Pagiz's Magic Scroll Boutique.
 23782 | Orc:2    | Found Yteemn's Antique Armour Emporium.
 23790 | Orc:2    | 23790 ||| BUYING scroll of brand weapon (104 gold).
 23790 | Orc:2    | Bought a scroll of brand weapon for 104 gold pieces
 23790 | Orc:2    | 23790 ||| BUYING scroll of enchant weapon (82 gold).
 23790 | Orc:2    | Bought a scroll of enchant weapon for 82 gold pieces
 23790 | Orc:2    | 23790 ||| BUYING scroll of identify (22 gold).
 23790 | Orc:2    | Bought a scroll of identify for 22 gold pieces
 23790 | Orc:2    | 23790 ||| READING scroll of brand weapon.
 23790 | Orc:2    | 23790 ||| BRANDING +5 broad axe of electrocution.
 23791 | Orc:2    | 23791 ||| READING scroll of enchant weapon.
 23791 | Orc:2    | 23791 ||| ENCHANTING +5 broad axe of freezing.
 23793 | Orc:2    | 23793 ||| BUYING pair of runed gloves (172 gold).
 23793 | Orc:2    | Bought a pair of runed gloves for 172 gold pieces
 23795 | Orc:2    | 23795 ||| BUYING +1 cloak of Starlight {*Dazzle EV+4
                  | Stlth--} (427 gold).
 23795 | Orc:2    | Bought the +1 cloak of Starlight {*Dazzle EV+4 Stlth--} for
                  | 427 gold pieces
 23795 | Orc:2    | Found the +1 cloak of Starlight {*Dazzle EV+4 Stlth--}
 23889 | Orc:2    | 23889 ||| PLANNING SNAKE:1-3
 23889 | Orc:2    | 23889 ||| DROPPING +2 pair of gloves.
 23890 | Orc:2    | 23890 ||| UPGRADING to +1 cloak of Starlight {*Dazzle EV+4
                  | Stlth--}.
 23900 | Orc:2    | 23900 ||| DROPPING +2 cloak.
 23901 | Orc:2    | 23901 ||| READING 2 scrolls of identify.
 23901 | Orc:2    | 23901 ||| IDENTIFYING viscous amethyst potion
 24008 | Snake:1  | Entered Level 1 of the Snake Pit
 24070 | Snake:1  | 24070 ||| INVOKING Heroism.
 24289 | Snake:1  | 24289 ||| Stepping ~*~*~tactically~*~*~ (hiding).
 24297 | Snake:1  | 24297 ||| INVOKING Heroism.
 24302 | Snake:1  | Received a gift from Okawaru
 24367 | Snake:1  | 24367 ||| Stepping ~*~*~tactically~*~*~ (hiding).
 24498 | Snake:1  | 24498 ||| INVOKING Heroism.
 24509 | Snake:1  | Reached skill level 12 in Armour
 24513 | Snake:1  | Received a gift from Okawaru
 24604 | Snake:1  | 24604 ||| INVOKING Heroism.
 24614 | Snake:1  | Reached skill level 18 in Axes
 24623 | Snake:1  | 24623 ||| Stepping ~*~*~tactically~*~*~ (hiding).
 24677 | Snake:1  | 24677 ||| Stepping ~*~*~tactically~*~*~ (hiding).
 24792 | Snake:1  | Reached skill level 9 in Shields
 24930 | Snake:1  | Found Pineotomm's Tiny Tomes.
 24993 | Snake:1  | 24993 ||| Stepping ~*~*~tactically~*~*~ (hiding).
 24994 | Snake:1  | 24994 ||| Stepping ~*~*~tactically~*~*~ (hiding).
 24996 | Snake:1  | 24996 ||| Stepping ~*~*~tactically~*~*~ (hiding).
 24998 | Snake:1  | 24998 ||| Stepping ~*~*~tactically~*~*~ (hiding).
 25228 | Snake:1  | 25228 ||| INVOKING Heroism.
 25462 | Snake:1  | 25462 ||| UPGRADING to +1 buckler of reflection.
 25472 | Snake:1  | 25472 ||| DROPPING +0 buckler.
 25511 | Snake:2  | 25511 ||| Stepping ~*~*~tactically~*~*~ (hiding).
 25542 | Snake:2  | 25542 ||| INVOKING Heroism.
 25608 | Snake:2  | 25608 ||| INVOKING Heroism.
 25716 | Snake:2  | 25716 ||| READING scroll of enchant weapon.
 25716 | Snake:2  | 25716 ||| ENCHANTING +6 broad axe of freezing.
 25768 | Snake:2  | 25768 ||| INVOKING Heroism.
 26025 | Snake:2  | Noticed Mlioglotl
 26026 | Snake:2  | 26026 ||| INVOKING Heroism.
 26043 | Snake:2  | HP: 19/106 [large abomination[Mlioglotl] (19)]
 26043 | Snake:2  | HP: 2/106 [Mlioglotl (10)]
 26044 | Snake:2  | 26044 ||| READING 6 scrolls of teleportation.
 26044 | Snake:2  | Mangled by Mlioglotl

Levels and vault maps discovered:
D:1:      dpeg_arrival_tiny_k, layout_loops_ring
D:2:      layout_rooms, shapermc_ecumenical_altar_notcrosses
D:3:      layout_basic, nemelex_dance_club_becter,
          nicolae_qazlal_beasts_of_the_sky
D:4:      layout_gridville, portal_sewer_entry_c
D:5:      layout_cave_pools, mainiacjoe_overflow_concentric_impassable,
          mainiacjoe_overflow_24_doors, minmay_temple_entry_stoned_glass,
          serial_bayou_pond_e, grunt_decor_clamped,
          eino_small_chamber_without_monster
D:6:      layout_loops_ring, mainiacjoe_overflow_cross_hatched,
          makhleb_heckhound_becter, lemuel_doored_altar, chequers_arboretum,
          kennysheep_nondescript
D:7:      layout_loops_ring, chequers_avenue, item_on_display_a
D:8:      layout_loops_corners
D:9:      minmay_opposing_rooms, layout_layer_cave, okawaru_ov_weapons_minmay,
          grunt_lair_entry_orc_guard_hut, orc_0_dummy
D:10:     layout_loops_cross, lemuel_tele_altar, jmf_multi_god_temple
D:11:     layout_loops_corners, eino_jars
D:12:     layout_loops_cross, muffindrake_ghost_dual_entry,
          portal_ice_cave_entry_pillars_2
D:13:     layout_cave_pods, serial_shops, nicolae_square_shop
D:14:     layout_loops_corners, david_vaults_1, uniq_nessos
D:15:     gammafunk_enter_depths_forms, layout_basic, serial_curves,
          eino_curves_01, eino_curves_01, eino_curves_01, abandoned_shop,
          minmay_shattered_shrine
Temple:   bh_familiar_temple
Lair:1:   layout_loops_ring, gammafunk_ghost_hydra_chop,
          grunt_forest_small_clearings, serial_bayou_shore_b
Lair:2:   layout_cave_pods, nicolae_shoals_entry_roost,
          minmay_snake_entry_spellcaster, hellmonk_ghost_happy_afterlife,
          infiniplex_staircase_pool, serial_bayou_shore_a
Lair:3:   layout_concentric_octagons, grunt_megastairs_5, uniq_kirke
Lair:4:   layout_regular_city, dpeg_slime_entry_corner, beast_lair_carwin_3
Lair:5:   due_jungle_book, layout_big_grid, grunt_forest_small_clearing_treed
Snake:1:  layout_chambers, nicolae_shop_i_like_small_books_too,
          nicolae_triple_integral
Snake:2:  layout_onion_interference, minmay_shop_grove, uniq_mlioglotl
Orc:1:    layout_caves
Orc:2:    grunt_orc_tribal_feast, layout_diamond_mine, serial_shops,
          nicolae_lakefront_shop, uniq_josephine

Skill      XL: |  1  2  3  4  5  6  7  8  9 10 11 12 13 14 15 16 |
---------------+-------------------------------------------------+-----
Axes           | 2 3 4 5 6 7 8 9 11 12 13 14 16 17 18 | 18.0
Fighting       | 4 5 6 7 9 10 11 12 13 14 | 14.0
Dodging        | 1 2 3 4 |  4.0
Throwing       | 2 3 5 6 7 |  7.0
Armour         | 4 6 7 8 9 10 12 | 12.1
Shields        | 4 5 6 7 8 9 |  9.0
Invocations    | 4 8 10 | 10.0

Action                     |  1- 3 |  4- 6 |  7- 9 | 10-12 | 13-15 | 16-18 || total
---------------------------+-------+-------+-------+-------+-------+-------++-------
  Melee: War axe           |   130 |   118 |   272 |       |       |       ||   520
         Broad axe         |       |       |    30 |   382 |   931 |   198 ||  1541
         Club              |       |       |       |       |     2 |       ||     2
         Flail             |       |       |       |       |    19 |       ||    19
  Throw: Boomerang         |     4 |    49 |    42 |    91 |   110 |       ||   296
         Javelin           |       |       |    29 |    29 |   103 |    10 ||   171
 Invoke: Heroism           |       |       |       |    20 |    32 |    11 ||    63
         Finesse           |       |       |       |     1 |     7 |       ||     8
    Use: Scroll            |     1 |     5 |    11 |     3 |    18 |     6 ||    44
         Potion            |       |       |     6 |     7 |     3 |     1 ||    17
   Stab: Invisible         |       |       |       |       |       |     5 ||     5
 Armour: Scale mail        |    53 |    27 |       |       |       |       ||    80
         Chain mail        |       |    52 |   156 |       |       |       ||   208
         Plate armour      |       |       |    72 |   256 |   134 |   115 ||   577
         Acid dragon scale |       |       |       |       |   388 |       ||   388
  Dodge: Dodged            |    58 |    42 |   101 |   134 |   376 |   105 ||   816
  Block: Buckler           |    22 |    22 |    49 |    81 |   199 |    63 ||   436
         Reflection        |       |       |       |       |       |     3 ||     3

Table legend:
 A = Non-vault XP
 B = Vault XP
 C = Vault XP percentage of total XP
 D = Non-vault monster count
 E = Vault monster count
 F = Vault count percentage of total count
                 A         B        C        D         E       F
            +---------+---------+-------+---------+---------+-------
      Total |  108303 |   48421 |  30.9 |     502 |     148 |  22.8
            +---------+---------+-------+---------+---------+-------
        D:1 |      36 |       0 |   0.0 |      23 |       0 |   0.0
        D:2 |      56 |       0 |   0.0 |      21 |       0 |   0.0
        D:3 |     140 |     137 |  49.5 |      17 |       3 |  15.0
        D:4 |     190 |      20 |   9.5 |      11 |       7 |  38.9
        D:5 |     353 |       0 |   0.0 |       9 |       0 |   0.0
        D:6 |    1767 |      43 |   2.4 |      28 |       1 |   3.4
        D:7 |     953 |       0 |   0.0 |      19 |       0 |   0.0
        D:8 |    1367 |       0 |   0.0 |      15 |       0 |   0.0
        D:9 |    3981 |    2725 |  40.6 |      37 |      15 |  28.8
       D:10 |    2125 |    1440 |  40.4 |       9 |       2 |  18.2
       D:11 |    3691 |     496 |  11.8 |      16 |       8 |  33.3
       D:12 |    4411 |       0 |   0.0 |      15 |       0 |   0.0
       D:13 |    7376 |       0 |   0.0 |      14 |       0 |   0.0
       D:14 |    7913 |    2702 |  25.5 |      18 |       4 |  18.2
       D:15 |    9224 |    9874 |  51.7 |      22 |      19 |  46.3
     Lair:1 |    8880 |       0 |   0.0 |      35 |       0 |   0.0
     Lair:2 |    4921 |    1733 |  26.0 |      23 |       3 |  11.5
     Lair:3 |    1430 |    4573 |  76.2 |       4 |      14 |  77.8
     Lair:4 |   10123 |    1811 |  15.2 |      30 |       5 |  14.3
     Lair:5 |   11914 |   13216 |  52.6 |      46 |      28 |  37.8
    Snake:1 |   15799 |       0 |   0.0 |      32 |       0 |   0.0
    Snake:2 |    8361 |       0 |   0.0 |      18 |       0 |   0.0
      Orc:1 |    1914 |       0 |   0.0 |      19 |       0 |   0.0
      Orc:2 |    1378 |    9514 |  87.3 |      21 |      35 |  62.5
      Sewer |       0 |     137 | 100.0 |       0 |       4 | 100.0
            +---------+---------+-------+---------+---------+-------
